 Dungeon Crawl Stone Soup version 0.31-a0-198-g2ad674f65e (webtiles) character file.

Game seed: 10746179736319585932

1841 qw the Skirmisher (level 8, -18/46 HPs)
             Began as a Deep Elf Hunter on June 25, 2023.
             Demolished by an ogre
             ... wielding a +0 giant club
              (31 damage)
             ... on level 7 of the Dungeon.
             The game lasted 00:01:57 (4143 turns).

qw the Skirmisher (Deep Elf Hunter)                 Turns: 4143, Time: 00:01:57

Health: -18/46     AC:  8    Str: 10    XL:     8   Next: 87%
Magic:  10/10      EV: 12    Int: 19    God:
Gold:   287        SH:  0    Dex: 18    Spells: 7/7 levels left

rFire   + . .        Y - +0 longbow
rCold   . . .        (shield currently unavailable)
rNeg    . . .        l - +0 ring mail
rPois   +            (no helmet)
rElec   .            j - +0 cloak
rCorr   .            f - +0 pair of gloves
SInv    .            q - +0 pair of boots
Will    +....        b - amulet "Cuhixtiott" {rPois Regen+ Int+4}
Stlth   +            h - ring of protection from fire
HPRegen 1.07/turn    p - ring of willpower
MPRegen 0.12/turn

%: no passive effects
@: no status effects
A: no striking features
a: no special abilities


You were on level 7 of the Dungeon.
You visited 2 branches of the dungeon, and saw 8 of its levels.

You collected 287 gold pieces.


   Skills:
 - Level 3.3 Fighting
 - Level 14.0 Ranged Weapons
 + Level 1.0 Armour
 - Level 5.1 Dodging
 - Level 1.2 Stealth


You had 7 spell levels left.
You didn't know any spells.
Your spell library was empty.

Inventory:

Hand Weapons
 Y - a +0 longbow (weapon)
Armour
 f - a +0 pair of gloves (worn)
 j - a +0 cloak (worn)
 l - a +0 ring mail (worn)
 q - a +0 pair of boots (worn)
Jewellery
 b - the amulet "Cuhixtiott" (around neck) {rPois Regen+ Int+4}
   (You acquired it on level 2 of the Dungeon)

   [amulet of regeneration]

   Int:       It affects your intelligence (+4).
   rPois:     It protects you from poison.
   Regen:     It increases your rate of health regeneration.
 h - a ring of protection from fire (left hand)
 n - a ring of ice
 p - a ring of willpower (right hand)
Scrolls
 a - a scroll of identify
 k - 3 scrolls of teleportation
Potions
 c - 2 potions of enlightenment
 d - a potion of resistance
 e - 2 potions of curing
 g - a potion of heal wounds
 i - a potion of mutation
 m - a potion of haste
 o - a potion of magic {unknown}
 r - a potion of brilliance {unknown}

Dungeon Overview and Level Annotations

Branches:
Dungeon (7/15)             Temple (1/1) D:4

Altars:
Ashenzari
Cheibriados
Dithmenos
Elyvilon
Fedhas
Gozag
Hepliaklqana
Kikubaaqudgha
Makhleb
Nemelex Xobeh
Qazlal
Ru
Sif Muna
Trog
Uskayaw
Vehumet
Wu Jian
Xom
The Shining One

Annotations:
D:6 1 runed translucent door, Crazy Yiuf


Message History

The orc priest shouts!
You hear a shout! x3
The gnoll bouda barks out a call to the hunt!
The gnoll sergeant picks up the pace!
The orc priest invokes the aid of Beogh against you.
Beogh smites you!
An ogre comes into view. It is wielding a +0 giant club.
The orc priest shouts!
Found a scroll of identify.
Enter note:
Enter note: You shoot an arrow.
The arrow hits the orc priest!
You kill the orc priest!
The gnoll sergeant closely misses you.
An orc wizard comes into view. It is wielding a +0 dagger.
The kobold brigand throws a poisoned dart.
The poisoned dart barely misses you.
The gnoll sergeant hits you from afar with a +3 spear of flaming.
The gnoll sergeant burns you.
Your Dodging skill increases to level 5!
You shoot an arrow. The arrow hits the ogre!
The ogre is moderately wounded.
The gnoll bouda barks out a call to the hunt!
The orc priest complains loudly.
The ogre closely misses you. The gnoll sergeant closely misses you.
You shoot an arrow. The arrow hits the ogre!
The ogre is severely wounded.
You hear a shout!
The orc warrior barely misses you. The ogre hits you with a +0 giant club!
The gnoll sergeant hits you but does no damage.
A gnoll comes into view. It is wielding a +0 club.
An ogre comes into view. It is wielding a +0 giant club.
The orc warrior hits you with a +0 scimitar!
You shoot an arrow.
The arrow hits the ogre but does no damage.
The ogre is severely wounded.
The gnoll sergeant hits you but does no damage.
The orc warrior closely misses you.
The ogre hits you with a +0 giant club!!
Ouch! That really hurt!
You die...

....)...................
~~~~~~....~~~~~~~~~~~~~~
~~~~~~....~~~~~~~~~~~~~~
~~~~~....~~~~~~~~~~~~##
.........[...........#
####''''#############
#....# +....+ #.@..#
##Oo##


ogKog TOoO.... O..o.....g. ............ #####++###### You could see a troll, 2
orc warriors, a kobold brigand, 4 ogres, a gnoll sergeant (swift), a gnoll
bouda, 2 orc priests, an orc wizard and a gnoll (swift).

Vanquished Creatures
  An ogre (D:4)
  A black bear (D:6)
  A centaur (D:5)
  A phantom (D:4)
  2 bullfrogs (D:6)
  3 scorpions
  5 wights (D:6)
  A bullfrog zombie (D:4)
  4 hounds
  A centaur zombie (D:4)
  5 jellies
  4 orc priests
  A sleepcap (D:6)
  2 iguanas
  Natasha (thrice) (D:2)
  An orc wizard (D:5)
  A scorpion zombie (D:4)
  A hound zombie (D:4)
  8 adders
  9 gnolls
  A shadow imp (D:5)
  An ufetubus (D:4)
  4 adder zombies (D:4)
  3 adder skeletons (D:4)
  A worm (D:4)
  13 orcs
  4 ball pythons
  4 bats
  6 endoplasms
  8 goblins
  7 hobgoblins
  4 quokkas
  8 frilled lizards
  A kobold (D:4)
  3 rats
123 creatures vanquished.

Notes
Turn   | Place    | Note
-------+----------+-------------------------------------------
     0 | D:1      | qw the Deep Elf Hunter began the quest for the Orb.
     0 | D:1      | Reached XP level 1. HP: 12/12 MP: 3/3
     0 | D:1      | 0 ||| qw: Version: 0.3-a-22-g0ed2b0b
     0 | D:1      | 0 ||| qw: Game counter: 5060
     0 | D:1      | 0 ||| qw: Melee chars always use a shield: true
     0 | D:1      | 0 ||| qw: God list: Okawaru
     0 | D:1      | 0 ||| qw: Allow faded altars: false
     0 | D:1      | 0 ||| qw: Do Orc after clearing Dungeon:15 true
     0 | D:1      | 0 ||| qw: Do second Lair branch before Depths: true
     0 | D:1      | 0 ||| qw: Lair rune preference: random
     0 | D:1      | 0 ||| qw: Goals: Normal
     0 | D:1      | 0 ||| PLANNING D:1-11
   151 | D:1      | Reached skill level 6 in Ranged Weapons
   151 | D:1      | Reached XP level 2. HP: 16/16 MP: 4/4
   592 | D:1      | 592 ||| READING 4 scrolls labelled INUWOEJACI.
   593 | D:1      | 593 ||| READING scroll labelled COUM XAEMPIEL.
   594 | D:1      | 594 ||| READING scroll labelled DAF VAHEHE.
   595 | D:1      | 595 ||| DRINKING 2 grey potions.
   596 | D:1      | 596 ||| READING 3 scrolls of identify.
   596 | D:1      | 596 ||| IDENTIFYING bubbling inky potion
   597 | D:1      | 597 ||| READING 2 scrolls of identify.
   597 | D:1      | 597 ||| IDENTIFYING golden potion
   598 | D:1      | 598 ||| DROPPING scroll of butterflies.
   599 | D:1      | 599 ||| DROPPING potion of degeneration.
   678 | D:2      | Found a snail-covered altar of Cheibriados.
   693 | D:2      | Reached XP level 3. HP: 20/20 MP: 5/5
   695 | D:2      | Noticed Natasha
   702 | D:2      | Killed Natasha
   703 | D:2      | Reached skill level 7 in Ranged Weapons
   779 | D:2      | Noticed Natasha
   789 | D:2      | Killed Natasha
   790 | D:2      | Reached XP level 4. HP: 16/25 MP: 6/6
   838 | D:2      | Noticed Natasha
   839 | D:2      | 839 ||| SWAPPING to +0 longbow.
   841 | D:2      | 841 ||| Stepping ~*~*~tactically~*~*~ (outnumbered).
   842 | D:2      | Killed Natasha
   843 | D:2      | Reached skill level 8 in Ranged Weapons
   867 | D:2      | 867 ||| DROPPING +1 shortbow.
  1132 | D:2      | 1132 ||| UPGRADING to +0 ring mail.
  1142 | D:2      | 1142 ||| DROPPING +0 leather armour.
  1143 | D:2      | 1143 ||| READING 3 scrolls labelled MOFEXK AHOUCI.
  1147 | D:2      | 1147 ||| READING scroll labelled IFAORR QA XAJ.
  1147 | D:2      | Identified a scroll of acquirement
  1147 | D:2      | 1147 ||| ACQUIRING amulet "Cuhixtiott" {rPois Regen+ Int+4}
  1147 | D:2      | Acquired the amulet "Cuhixtiott" {rPois Regen+ Int+4}
  1149 | D:2      | 1149 ||| UPGRADING to amulet "Cuhixtiott" {rPois Regen+
                  | Int+4}.
  1154 | D:2      | 1154 ||| READING scroll labelled IMEOKL GAODWEO.
  1155 | D:2      | 1155 ||| READING 2 scrolls labelled TYIMYC FEONT.
  1156 | D:2      | 1156 ||| READING scroll labelled RASTRUU RARCH.
  1157 | D:2      | 1157 ||| DROPPING scroll of vulnerability.
  1428 | D:3      | Reached XP level 5. HP: 18/29 MP: 7/7
  1673 | D:3      | Found a broken altar of Ashenzari.
  1961 | D:3      | 1961 ||| UPGRADING to +0 pair of gloves.
  1966 | D:3      | 1966 ||| UPGRADING to ring of protection from fire.
  1967 | D:3      | 1967 ||| READING scroll labelled KEULOI DYFEO.
  1980 | D:4      | Noticed an ogre
  1984 | D:4      | Killed an ogre
  1985 | D:4      | Reached skill level 9 in Ranged Weapons
  2004 | D:4      | Reached XP level 6. HP: 34/35 MP: 8/8
  2173 | D:4      | Found a staircase to the Ecumenical Temple.
  2174 | D:4      | 2174 ||| PLANNING TEMPLE
  2174 | D:4      | 2174 ||| READING 2 scrolls of identify.
  2174 | D:4      | 2174 ||| IDENTIFYING glowing dark potion
  2184 | Temple   | Entered the Ecumenical Temple
  2328 | Temple   | 2328 ||| PLANNING D:1-11
  2385 | D:4      | Reached skill level 10 in Ranged Weapons
  2451 | D:4      | Reached skill level 3 in Dodging
  2486 | D:4      | Reached XP level 7. HP: 40/40 MP: 9/9
  2487 | D:4      | Reached skill level 1 in Armour
  2732 | D:4      | 2732 ||| UPGRADING to +0 pair of boots.
  2737 | D:4      | 2737 ||| UPGRADING to ring of willpower.
  2738 | D:4      | 2738 ||| READING scroll labelled AGICLA DOSSU.
  2739 | D:4      | 2739 ||| DRINKING 2 fizzy blue potions.
  2740 | D:4      | 2740 ||| READING 2 scrolls of identify.
  2740 | D:4      | 2740 ||| IDENTIFYING puce potion
  2741 | D:4      | 2741 ||| DROPPING potion of invisibility.
  2745 | D:5      | Entered Level 5 of the Dungeon
  2835 | D:5      | Reached skill level 11 in Ranged Weapons
  3069 | D:5      | 3069 ||| FLEEEEING.
  3070 | D:5      | 3070 ||| FLEEEEING.
  3071 | D:5      | 3071 ||| FLEEEEING.
  3072 | D:5      | 3072 ||| FLEEEEING.
  3073 | D:5      | 3073 ||| FLEEEEING.
  3074 | D:5      | 3074 ||| FLEEEEING.
  3080 | D:5      | 3080 ||| FLEEEEING.
  3081 | D:5      | 3081 ||| FLEEEEING.
  3118 | D:5      | Reached skill level 12 in Ranged Weapons
  3304 | D:5      | Reached skill level 3 in Fighting
  3304 | D:5      | Reached XP level 8. HP: 39/46 MP: 10/10
  3460 | D:5      | 3460 ||| READING 4 scrolls of identify.
  3460 | D:5      | 3460 ||| IDENTIFYING gluggy blue potion
  3461 | D:5      | 3461 ||| READING 3 scrolls of identify.
  3461 | D:5      | 3461 ||| IDENTIFYING white potion
  3462 | D:5      | 3462 ||| READING 2 scrolls of identify.
  3462 | D:5      | 3462 ||| IDENTIFYING lumpy ruby potion
  3463 | D:5      | 3463 ||| DROPPING potion of attraction.
  3610 | D:6      | Found a runed translucent door.
  3611 | D:6      | Noticed Crazy Yiuf
  3660 | D:6      | Reached skill level 13 in Ranged Weapons
  4029 | D:6      | 4029 ||| UPGRADING to +0 cloak.
  4055 | D:7      | Reached skill level 14 in Ranged Weapons
  4064 | D:7      | 4064 ||| STAIRDANCE
  4139 | D:7      | Noticed a troll
  4143 | D:7      | Demolished by an ogre

Levels and vault maps discovered:
D:1:      dpeg_arrival_simpleton_a, layout_basic
D:2:      layout_rooms, basic_altar, kennysheep_generic_room_15, uniq_natasha
D:3:      layout_loops_corners, mainiacjoe_overflow_brackets,
          minmay_crystal_room
D:4:      layout_loops_cross, minmay_temple_entry_waves, serial_undead,
          serial_undead_c, serial_undead_b, serial_undead_d, serial_undead_e
D:5:      layout_basic
D:6:      layout_cave_pools, hangedman_decor_points, uniq_crazy_yiuf_cottage
D:7:      lemuel_castle_with_subvaults [lemuel_castle_interior_original],
          layout_cave_pools, zin_scriptorium, kennysheep_mini,
          ebering_ghost_inner_flame, uniq_joseph, uniq_pikel
Temple:   nicolae_temple_bog_church

Skill      XL: |  1  2  3  4  5  6  7  8 |
---------------+-------------------------+-----
Ranged Weapons | 6 7 8 9 10 12 14 | 14.0
Fighting       | 2 3 |  3.3
Dodging        | 3 5 |  5.1
Armour         | 1 |  1.0
Stealth        | |  1.2

Action                     |  1- 3 |  4- 6 |  7- 9 || total
---------------------------+-------+-------+-------++-------
   Fire: Shortbow          |    93 |       |       ||    93
         Longbow           |       |   108 |   208 ||   316
    Use: Scroll            |     5 |     7 |     5 ||    17
         Potion            |     1 |       |     1 ||     2
 Armour: Leather armour    |     6 |       |       ||     6
         Ring mail         |       |    17 |    34 ||    51
  Dodge: Dodged            |    28 |    29 |    77 ||   134

Table legend:
 A = Non-vault XP
 B = Vault XP
 C = Vault XP percentage of total XP
 D = Non-vault monster count
 E = Vault monster count
 F = Vault count percentage of total count
                 A         B        C        D         E       F
            +---------+---------+-------+---------+---------+-------
      Total |    2113 |     518 |  19.7 |     104 |      19 |  15.4
            +---------+---------+-------+---------+---------+-------
        D:1 |      34 |       0 |   0.0 |      22 |       0 |   0.0
        D:2 |      96 |      36 |  27.3 |      10 |       1 |   9.1
        D:3 |      69 |       0 |   0.0 |      15 |       0 |   0.0
        D:4 |     299 |     288 |  49.1 |      16 |      12 |  42.9
        D:5 |     704 |       0 |   0.0 |      22 |       0 |   0.0
        D:6 |     869 |      56 |   6.1 |      18 |       2 |  10.0
        D:7 |      42 |     138 |  76.7 |       1 |       4 |  80.0
            +---------+---------+-------+---------+---------+-------
